 Dungeon Crawl Stone Soup version 0.20.0-10-g0535bb4 (webtiles) character file.

85 Jannitor the Twirler (level 4, 0/28 HPs)
             Began as a Gargoyle Gladiator on June 6, 2017.
             Slain by Crazy Yiuf
             ... wielding a +4 quarterstaff of chaos
              (8 damage)
             ... on level 3 of the Dungeon.
             The game lasted 00:03:19 (1866 turns).

Jannitor the Twirler (Gargoyle Gladiator)           Turns: 1866, Time: 00:03:19

Health: 0/28       AC: 11    Str: 18    XL:     4   Next: 48%
Magic:  4/4        EV: 17    Int:  9    God:
Gold:   182        SH:  0    Dex: 16    Spells: 3/3 levels left

rFire    . . .     SeeInvis .   a - +0 quarterstaff
rCold    . . .     Gourm    .   (shield currently unavailable)
rNeg     + . .     Faith    .   s - +0 ring mail
rPois    ∞         Spirit   .   i - +2 hat
rElec    +         Reflect  .   (no cloak)
rCorr    .         Harm     .   (no gloves)
MR       .....                  (no boots)
Stlth    ++........             (no amulet)
Regen    0.1/turn               (no ring)
MPRegen  0.1/turn               (no ring)

@: agile, flying
A: negative energy resistance 1, electricity resistance, unbreathing,
petrification resistance, rot immunity, AC +3
a: no special abilities


You were on level 3 of the Dungeon.
You were not hungry.

You visited 1 branch of the dungeon, and saw 3 of its levels.

You collected 182 gold pieces.

Inventory:

Hand Weapons
 a - a +0 quarterstaff (weapon)
Missiles
 d - 3 throwing nets (quivered)
Armour
 b - a +0 leather armour
 c - a +0 helmet
 i - a +2 hat (worn)
 s - a +0 ring mail (worn)
Wands
 r - a wand of confusion (17/48)
Scrolls
 e - 3 scrolls of identify {unknown}
 g - a scroll of amnesia {unknown}
 h - a scroll of enchant weapon {unknown}
 m - a scroll of enchant armour {unknown}
 n - a scroll of fear {unknown}
 o - a scroll of magic mapping {unknown}
 p - 2 scrolls of teleportation {unknown}
 t - a scroll of remove curse {unknown}
Comestibles
 f - 3 bread rations
 l - a royal jelly


   Skills:
 + Level 3.1 Fighting
 + Level 3.7 Staves
 - Level 1.7 Throwing
 + Level 2.7 Armour
 - Level 2.4 Dodging


You had 3 spell levels left.
You didn't know any spells.

Dungeon Overview and Level Annotations

Branches:
Dungeon (3/15)

Altars:
Dithmenos

Annotations:
D:3 Crazy Yiuf


Innate Abilities, Weirdness & Mutations

You are resistant to torment.
Your stone body is resilient. (AC +3)
You are immune to poison.
You resist negative energy. (rN+)
You are resistant to electric shocks. (rElec)
You can survive without breathing.
You are immune to petrification.
You are immune to rotting.


Message History

You hit Crazy Yiuf.
Crazy Yiuf is heavily wounded.
Crazy Yiuf hits you with a quarterstaff of chaos.
Your ring mail prevents you from hitting Crazy Yiuf.
Crazy Yiuf is heavily wounded.
Crazy Yiuf yells, "Rot meccalolo meccalolo!"
Crazy Yiuf closely misses you.
You closely miss Crazy Yiuf.
Crazy Yiuf is heavily wounded.
Crazy Yiuf hits you with a quarterstaff of chaos.
Crazy Yiuf freezes you. Crazy Yiuf barely misses you.
You closely miss Crazy Yiuf.
Crazy Yiuf is heavily wounded.
Crazy Yiuf hits you with a quarterstaff of chaos!
Space bends around you.
* * * LOW HITPOINT WARNING * * *
You closely miss Crazy Yiuf.
Crazy Yiuf is heavily wounded.
Crazy Yiuf hits you with a quarterstaff of chaos!
You die...

#..#.>..........>..#
##...##.##.........#
##..##.##.........#
##..###.##.#########
......#..#.#
#..##.##.### #####
..###..#.# #).)#
..####...## #.g.#
#...###.(.# #)@)#
###..##.#.## ##'##
###.##.#..# ##)#
#....)..#.# #.##
#.......### ##.#
#.......### #)##
#.........# ##.##
#.........# #...##
#.........# #....#


You could see Crazy Yiuf.

Vanquished Creatures
  An adder (D:3)
  A leopard gecko (D:3)
  5 orcs (D:3)
  6 giant cockroaches
  10 goblins
  6 hobgoblins
  7 jackals (D:1)
  8 bats
  4 frilled lizards
  7 kobolds
  10 rats
65 creatures vanquished.

Notes
Turn   | Place    | Note
-------+----------+-------------------------------------------
     0 | D:1      | Jannitor the Gargoyle Gladiator began the quest for the Orb.
     0 | D:1      | Reached XP level 1. HP: 12/12 MP: 1/1
    41 | D:1      | Reached skill level 1 in Armour
    53 | D:1      | Reached XP level 2. HP: 11/18 MP: 2/2
   373 | D:1      | Reached XP level 3. HP: 20/22 MP: 3/3
  1088 | D:3      | Reached XP level 4. HP: 24/27 MP: 4/4
  1508 | D:3      | Found a shadowy altar of Dithmenos.
  1578 | D:3      | Found a runed door.
  1858 | D:3      | Noticed Crazy Yiuf
  1866 | D:3      | Slain by Crazy Yiuf

Skill      XL: |  1  2  3  4 |
---------------+-------------+-----
Armour         | 1 2 |  2.7
Fighting       | 3 |  3.1
Staves         | |  3.7
Throwing       | |  1.7
Dodging        | |  2.4

Action                   |  1- 3 |  4- 6 || total
-------------------------+-------+-------++-------
Melee: Quarterstaff      |   113 |    68 ||   181
  Use: Potion            |       |     3 ||     3
  Eat: Chunk             |     1 |     2 ||     3
Armor: Leather armour    |    59 |    18 ||    77
       Ring mail         |       |    16 ||    16
Dodge: Dodged            |    98 |    50 ||   148
